Harfangs vs Sasquatch
Created - December 26, 2019 at 19:21
Goals
|
Harfangs |
2 |
2 |
2 |
6 |
Sasquatch |
5 |
2 |
1 |
8 |
|
Shots
|
Harfangs |
12 |
9 |
23 |
44 |
Sasquatch |
15 |
10 |
11 |
36 |
|
1st period
1. Harfangs , Brandon McMillan 11 (Calle Jarnkrok 29, Tyler Brenner 6) at 8:00
2. Sasquatch , Petr Straka 7 (Ryan Dzingel 4) at 9:09
3. Sasquatch , Devin Shore 10 (Jujhar Khaira 13, Mike Reilly 5) at 12:49
4. Sasquatch , Petr Straka 8 (Patrick Wey 18, Ryan Dzingel 5) at 14:40
5. Sasquatch , Petr Straka 9 (Ryan Dzingel 6, Christoffer Ehn 2) at 15:18
6. Harfangs , Michael Bournival 14 (Tyler Brenner 7) at 15:28
7. Sasquatch , Quinton Howden 8 (Teemu Hartikainen 4, Ian Cole 12) at 16:45
Penalties :
Tyler Brenner (BEA) for Elbowing (Minor) at 1:11
2nd period
8. Harfangs , Michael Bournival 15 (Tyler Brenner 8, Ryan Hartman 10) at 0:44
9. Sasquatch , Christoffer Ehn 1 (Petr Straka 17) at 8:42
10. Harfangs , Michael Bournival 16 (Tyler Brenner 9, Reid McNeill 14) at 10:25
11. Sasquatch , Matt Halischuk 14 (Martin Marincin 5) at 17:17
Penalties :
Michael Bournival (BEA) for Elbowing (Minor) at 13:01, Tyler Brenner (BEA) for Slashing (Minor) at 17:28
3rd period
12. Harfangs , Brandon McMillan 12 (Calle Jarnkrok 30) at 3:21
13. Harfangs , Nick Shore 6 (Erik Nystrom 4, Jake Dotchin 9) at 5:08
14. Sasquatch , Devin Shore 11 (Matt Halischuk 25, Ryan Dzingel 7) at 9:17 (PP)
Penalties :
Morgan Klimchuk (BEA) for Tripping (Minor) at 9:07, Ryan Dzingel (Gat) for Hooking (Minor) at 17:07
Goalie Stats
Anton Forsberg (BEA), 14 saves from 18 shots - (0.778), 26:01 minutes
Ilya Sorokin (BEA), 14 saves from 18 shots - (0.778), L, 4-3-0, 33:59 minutes
Joonas Korpisalo (Gat), 38 saves from 44 shots - (0.864), W, 12-8-2, 60:00 minutes
Players Stats for Harfangs
Player Name G A P +/- PIM S H SB GA TA FO MP PP MP PK MP
------------------------------------------------------------------------------------
Anthony Angello 0 0 0 0 0 0 0 0 0 0 0/0 0:00 0:00 0:00
Brandon McMillan 2 0 2 1 0 8 3 0 1 0 0/0 16:33 0:57 0:57
Brendan Leipsic 0 0 0 0 0 0 0 0 0 0 0/0 0:58 0:00 0:37
Brenden Kichton 0 0 0 1 0 0 0 0 0 0 0/0 11:17 0:00 0:00
Calle Jarnkrok 0 2 2 1 0 5 0 0 2 0 14/29 16:33 0:57 0:57
Cristoval Nieves 0 0 0 -1 0 1 0 1 0 0 3/4 8:26 0:00 1:47
Devon Teows 0 0 0 -1 0 0 0 0 0 0 0/0 3:40 0:00 0:00
Dylan Olsen 0 0 0 1 0 2 4 1 3 1 0/0 28:57 1:01 3:26
Erik Nystrom 0 1 1 -1 0 1 1 0 0 0 0/0 10:19 0:00 0:00
Jake Dotchin 0 1 1 -3 0 1 1 4 0 1 0/0 19:46 0:58 2:41
JC Lipon 0 0 0 -1 0 0 1 0 1 0 0/0 6:35 0:00 0:00
Justin Kirkland 0 0 0 0 0 0 0 0 0 0 0/0 0:00 0:00 0:00
Laurent Dauphin 0 0 0 0 0 0 0 0 0 0 1/1 2:56 0:00 2:34
Lucas Wallmarkk 0 0 0 0 0 0 0 0 0 0 0/0 0:21 0:00 0:00
Mark Alt 0 0 0 -3 0 3 0 1 1 0 0/0 19:46 0:58 2:41
Michael Bournival 3 0 3 0 2 9 1 0 2 1 1/1 22:44 1:02 1:43
Morgan Klimchuk 0 0 0 -1 2 0 0 0 0 0 0/0 8:45 0:00 2:07
Nick Shore 1 0 1 -1 0 8 1 0 0 0 4/12 10:19 0:00 0:00
Nick Sorensen 0 0 0 -1 0 1 0 0 0 0 0/0 10:19 0:00 0:00
Reid McNeill 0 1 1 2 0 1 2 0 0 0 0/0 25:17 1:01 3:26
Rinat Valiev 0 0 0 1 0 1 0 0 0 0 0/0 11:17 0:00 0:00
Ryan Hartman 0 1 1 0 0 0 3 0 1 0 1/1 20:57 1:02 0:00
Sven Andrighetto 0 0 0 1 0 0 1 0 0 0 0/0 15:33 0:57 0:00
Tyler Brenner 0 4 4 0 4 3 0 0 0 0 13/28 22:31 1:02 1:32
Players Stats for Sasquatch
Player Name G A P +/- PIM S H SB GA TA FO MP PP MP PK MP
------------------------------------------------------------------------------------
Brett Kulak 0 0 0 1 0 0 0 0 0 0 0/0 11:48 0:00 1:01
Brett Pesce 0 0 0 1 0 0 0 0 1 0 0/0 18:30 2:57 0:00
Brock Trotter 0 0 0 -1 0 0 1 0 0 1 0/0 7:10 0:00 0:17
Christoffer Ehn 1 1 2 1 0 1 0 1 0 0 10/14 15:27 0:43 1:12
Devin Shore 2 0 2 1 0 5 0 1 0 0 20/42 23:01 3:05 0:00
Dylan Sikura 0 0 0 0 0 0 1 0 0 0 0/0 11:50 0:00 0:00
Ian Cole 0 1 1 -1 0 5 2 3 0 0 0/0 29:22 3:10 1:01
Jerry D'Amigo 0 0 0 -1 0 0 0 0 0 1 1/1 6:40 0:10 0:00
Jujhar Khaira 0 1 1 1 0 3 3 1 0 1 2/2 22:39 2:09 0:58
Martin Marincin 0 1 1 1 0 1 0 2 0 1 0/0 16:08 0:00 0:58
Matt Halischuk 1 1 2 1 0 9 1 3 0 1 0/0 22:32 3:05 0:00
Mike Reilly 0 1 1 1 0 0 0 1 0 1 0/0 14:30 2:57 0:00
Patrick Wey 0 1 1 -1 0 2 1 0 1 5 0/0 29:42 3:10 0:58
Petr Straka 3 1 4 1 0 5 1 0 0 0 0/0 17:17 2:39 0:31
Quinton Howden 1 0 1 0 0 2 3 1 0 0 2/11 12:43 0:23 0:30
Ryan Dzingel 0 4 4 1 2 1 1 1 1 0 1/2 17:19 3:28 0:00
T.J. Tynan 0 0 0 -1 0 0 0 0 0 0 3/4 9:02 2:39 0:00
Teemu Hartikainen 0 1 1 0 0 2 1 1 0 0 0/0 12:20 0:00 0:30
3 Stars
1 - Petr Straka (Gat)
2 - Michael Bournival (BEA)
3 - Devin Shore (Gat)
Power Play
Harfangs - 0 on 1 Attempt(s) - 0.00%
Sasquatch - 1 on 4 Attempt(s) - 25.00%
Penalty Kill
Harfangs - 3 on 4 Attempt(s) - 75.00%
- Score 0 goal in Penalty Kill
Sasquatch - 1 on 1 Attempt(s) - 100.00%
- Score 0 goal in Penalty Kill
Team Stat
Harfangs - Hits : 18 - Faceoff Wins : 37 - Blocked Shots : 7 - Penalty Minutes : 8
Sasquatch - Hits : 15 - Faceoff Wins : 39 - Blocked Shots : 15 - Penalty Minutes : 2
Official
Referees : Unknown
Linesman : Unknown
Game Notes
Petr Straka has scored a Hat Trick!
Ilya Sorokin enters game at 15:18 of 1st period
Michael Bournival has scored a Hat Trick!
Anton Forsberg enters game at 9:17 of 3rd period
Finance
Level 1 -- Attendance: 1508 (75.40%) -- Ticket Income $60,320
Level 2 -- Attendance: 753 (75.30%) -- Ticket Income $15,060
Total Attendance: 2261 (75.37%)
Total Ticket Income: $75,380
Other Income: $3,769
Total Income: $79,149
Harfangs
5 vs 5 Forward
Center Left Wing Right Wing Time % Phy DF OF
1 Tyler Brenner Michael Bournival Ryan Hartman 40 1 2 2
2 Calle Jarnkrok Brandon McMillan Sven Andrighetto 30 1 2 2
3 Nick Shore Erik Nystrom Nick Sorensen 20 1 2 2
4 Cristoval Nieves Morgan Klimchuk JC Lipon 10 1 2 2
5 vs 5 Defense
Defense Defense Time % Phy DF OF
1 Dylan Olsen Reid McNeill 40 1 2 2
2 Jake Dotchin Mark Alt 30 1 2 2
3 Brenden Kichton Rinat Valiev 20 1 2 2
4 Devon Teows Dylan Olsen 10 1 2 2
PowerPlay Forward
Center Left Wing Right Wing Time % Phy DF OF
1 Tyler Brenner Michael Bournival Ryan Hartman 60 1 2 2
2 Calle Jarnkrok Brandon McMillan Sven Andrighetto 40 1 2 2
PowerPlay Defense
Defense Defense Time % Phy DF OF
1 Dylan Olsen Reid McNeill 60 1 2 2
2 Jake Dotchin Mark Alt 40 1 2 2
Penalty Kill 4 Players Forward
Center Wing Time % Phy DF OF
1 Michael Bournival Tyler Brenner 60 1 2 2
2 Calle Jarnkrok Brandon McMillan 40 1 2 2
Penalty Kill 4 Players Defense
Defense Defense Time % Phy DF OF
1 Dylan Olsen Reid McNeill 60 1 2 2
2 Jake Dotchin Mark Alt 40 1 2 2
Penalty Kill - 3 Players Forward
Forward Time % Phy DF OF
1 Michael Bournival 60 1 2 2
2 Tyler Brenner 40 1 2 2
Penalty Kill - 3 Players Defense
Defense Defense Time % Phy DF OF
1 Dylan Olsen Reid McNeill 60 1 2 2
2 Jake Dotchin Mark Alt 40 1 2 2
4 vs 4 Forward
Center Wing Time % Phy DF OF
1 Michael Bournival Tyler Brenner 60 1 2 2
2 Calle Jarnkrok Brandon McMillan 40 1 2 2
4 vs 4 Defense
Defense Defense Time % Phy DF OF
1 Dylan Olsen Reid McNeill 60 1 2 2
2 Jake Dotchin Mark Alt 40 1 2 2
Last Minutes Offensive
Center Left Wing Right Wing Defense Defense
Tyler Brenner Michael Bournival Ryan Hartman Dylan Olsen Reid McNeill
Last Minutes Defensive
Center Left Wing Right Wing Defense Defense
Tyler Brenner Michael Bournival Ryan Hartman Dylan Olsen Reid McNeill
Goaltenders
Starting : Anton Forsberg
Backup : Ilya Sorokin
Extra Forwards
Normal : Brendan Leipsic, Lucas Wallmarkk, Laurent Dauphin - PP : Brendan Leipsic, Lucas Wallmarkk - PK : Laurent Dauphin
Extra Defensemen
Normal : Brenden Kichton, Rinat Valiev, Devon Teows - PP : Brenden Kichton - PK : Rinat Valiev, Devon Teows
Penalty Shots
Michael Bournival, Tyler Brenner, Calle Jarnkrok, Brandon McMillan, Ryan Hartman
Scratches
Tyler Randell (Bruised Left Leg Injury), Blake Heinrich (Left Eye Injury), Victor Bartley (Right Leg Injury), Jason Kasdorf (Healthy), Mark Visentin (Healthy)
Scott Wedgewood (Healthy), Zachary Fucale (Healthy)
Sasquatch
5 vs 5 Forward
Center Left Wing Right Wing Time % Phy DF OF
1 Devin Shore Jujhar Khaira Matt Halischuk 40 1 2 2
2 Christoffer Ehn Ryan Dzingel Petr Straka 30 1 2 2
3 Quinton Howden Teemu Hartikainen Dylan Sikura 20 1 2 2
4 T.J. Tynan Brock Trotter Jerry D'Amigo 10 1 2 2
5 vs 5 Defense
Defense Defense Time % Phy DF OF
1 Ian Cole Patrick Wey 40 1 2 2
2 Brett Pesce Martin Marincin 30 1 2 2
3 Mike Reilly Brett Kulak 20 1 2 2
4 Ian Cole Patrick Wey 10 1 2 2
PowerPlay Forward
Center Left Wing Right Wing Time % Phy DF OF
1 Devin Shore Ryan Dzingel Matt Halischuk 60 1 2 2
2 T.J. Tynan Jujhar Khaira Petr Straka 40 1 2 2
PowerPlay Defense
Defense Defense Time % Phy DF OF
1 Ian Cole Patrick Wey 60 1 2 2
2 Mike Reilly Brett Pesce 40 1 2 2
Penalty Kill 4 Players Forward
Center Wing Time % Phy DF OF
1 Christoffer Ehn Jujhar Khaira 60 1 2 2
2 Quinton Howden Teemu Hartikainen 40 1 2 2
Penalty Kill 4 Players Defense
Defense Defense Time % Phy DF OF
1 Patrick Wey Martin Marincin 60 1 2 2
2 Brett Kulak Ian Cole 40 1 2 2
Penalty Kill - 3 Players Forward
Forward Time % Phy DF OF
1 Christoffer Ehn 60 1 2 2
2 Quinton Howden 40 1 2 2
Penalty Kill - 3 Players Defense
Defense Defense Time % Phy DF OF
1 Ian Cole Martin Marincin 60 1 2 2
2 Patrick Wey Brett Kulak 40 1 2 2
4 vs 4 Forward
Center Wing Time % Phy DF OF
1 Quinton Howden Matt Halischuk 60 1 2 2
2 Christoffer Ehn Jujhar Khaira 40 1 2 2
4 vs 4 Defense
Defense Defense Time % Phy DF OF
1 Ian Cole Martin Marincin 60 1 2 2
2 Patrick Wey Brett Pesce 40 1 2 2
Last Minutes Offensive
Center Left Wing Right Wing Defense Defense
Devin Shore Jujhar Khaira Matt Halischuk Ian Cole Mike Reilly
Last Minutes Defensive
Center Left Wing Right Wing Defense Defense
Christoffer Ehn Teemu Hartikainen Matt Halischuk Martin Marincin Patrick Wey
Goaltenders
Starting : Joonas Korpisalo
Backup : Corey Crawford
Extra Forwards
Normal : Christoffer Ehn, Devin Shore, Petr Straka - PP : Christoffer Ehn, Quinton Howden - PK : Petr Straka
Extra Defensemen
Normal : Mike Reilly, Brett Pesce, Brett Kulak - PP : Brett Pesce - PK : Brett Pesce, Mike Reilly
Penalty Shots
Devin Shore, Matt Halischuk, Petr Straka, Brock Trotter, Ryan Dzingel
Scratches
Sergey Kalinin (Healthy), Nikita Nesterov (Healthy), Hudson Fasching (Healthy), Kevin Fiala (Healthy), Alex Lintuniemi (Healthy)
Cal Petersen (Healthy)
% Time on Ice - Harfangs
Lines # - Real PCT - Wanted PCT - Time Play
Normal Forward
1 - 39% - 40% - 20:30
2 - 28% - 30% - 14:39
3 - 20% - 20% - 10:19
4 - 12% - 10% - 6:26
Normal Defense
1 - 40% - 40% - 20:50
2 - 31% - 30% - 16:07
3 - 22% - 20% - 11:17
4 - 7% - 10% - 3:40
PP Forward
1 - 52% - 60% - 1:02
2 - 48% - 40% - 0:57
PP Defense
1 - 51% - 60% - 1:01
2 - 49% - 40% - 0:58
PK Forward
1 - 84% - 60% - 5:10
2 - 16% - 40% - 0:57
PK Defense
1 - 56% - 60% - 3:26
2 - 44% - 40% - 2:41
PK3 Forward
1 - 0% - 60%
2 - 0% - 40%
PK3 Defense
1 - 0% - 60%
2 - 0% - 40%
44 Forward
1 - 0% - 60%
2 - 0% - 40%
44 Defense
1 - 0% - 60%
2 - 0% - 40%
Last Minute Offensive - 0:00
Last Minute Defensive - 0:00
Total
Forward - 60:00
Defense - 60:00
|
% Time on Ice - Sasquatch
Lines # - Real PCT - Wanted PCT - Time Play
Normal Forward
1 - 38% - 40% - 19:45
2 - 27% - 30% - 14:03
3 - 23% - 20% - 11:50
4 - 12% - 10% - 6:16
Normal Defense
1 - 41% - 40% - 21:30
2 - 30% - 30% - 15:33
3 - 21% - 20% - 10:47
4 - 8% - 10% - 4:04
PP Forward
1 - 57% - 60% - 3:28
2 - 43% - 40% - 2:39
PP Defense
1 - 52% - 60% - 3:10
2 - 48% - 40% - 2:57
PK Forward
1 - 75% - 60% - 1:29
2 - 25% - 40% - 0:30
PK Defense
1 - 49% - 60% - 0:58
2 - 51% - 40% - 1:01
PK3 Forward
1 - 0% - 60%
2 - 0% - 40%
PK3 Defense
1 - 0% - 60%
2 - 0% - 40%
44 Forward
1 - 0% - 60%
2 - 0% - 40%
44 Defense
1 - 0% - 60%
2 - 0% - 40%
Last Minute Offensive - 0:00
Last Minute Defensive - 0:00
Total
Forward - 60:00
Defense - 60:00
|
Play-by-Play
1st period
0:01 of 1st period - Devin Shore wins face-off versus Tyler Brenner in neutral zone.
0:04 of 1st period - Slapshot by Patrick Wey.
0:04 of 1st period - Stopped by Anton Forsberg without a rebound.
0:05 of 1st period - Tyler Brenner wins face-off versus Devin Shore in Harfangs zone.
0:53 of 1st period - Michael Bournival is hit by Jujhar Khaira and loses puck.
1:11 of 1st period - Minor Penalty to Tyler Brenner for Elbowing.
1:12 of 1st period - T.J. Tynan wins face-off versus Calle Jarnkrok in Harfangs zone.
1:27 of 1st period - Wrist shot by T.J. Tynan.
1:27 of 1st period - Shot Misses the Net.
1:57 of 1st period - Christoffer Ehn is hit by Michael Bournival and loses puck.
2:40 of 1st period - Mark Alt is hit by Quinton Howden and loses puck.
3:11 of 1st period - Penalty to Tyler Brenner is over, Tyler Brenner is back on ice.
3:21 of 1st period - Dylan Olsen is hit by Quinton Howden and loses puck.
4:26 of 1st period - Wrist shot by Nick Shore.
4:26 of 1st period - Shot Blocked by Christoffer Ehn.
5:05 of 1st period - Wrist shot by Nick Shore.
5:05 of 1st period - Stopped by Joonas Korpisalo without a rebound.
5:06 of 1st period - Jerry D'Amigo wins face-off versus Nick Shore in Sasquatch zone.
5:25 of 1st period - Patrick Wey is hit by Sven Andrighetto and loses puck.
5:52 of 1st period - Slapshot by Petr Straka.
5:52 of 1st period - Shot Blocked by Cristoval Nieves.
5:54 of 1st period - Snap shot by Petr Straka.
5:54 of 1st period - Shot Misses the Net.
6:28 of 1st period - Wrist shot by Teemu Hartikainen.
6:28 of 1st period - Shot Misses the Net.
7:22 of 1st period - Icing by Matt Halischuk.
7:23 of 1st period - Devin Shore wins face-off versus Tyler Brenner in Sasquatch zone.
8:00 of 1st period - Snap shot by Brandon McMillan.
8:00 of 1st period - Goal by Brandon McMillan - Harfangs : 1 - Sasquatch : 0.
8:01 of 1st period - Christoffer Ehn wins face-off versus Calle Jarnkrok in neutral zone.
8:26 of 1st period - Patrick Wey is hit by Dylan Olsen and loses puck.
8:57 of 1st period - Petr Straka is hit by JC Lipon and loses puck.
9:04 of 1st period - Cristoval Nieves is hit by Ryan Dzingel and loses puck.
9:09 of 1st period - Slapshot by Petr Straka.
9:09 of 1st period - Goal by Petr Straka - Harfangs : 1 - Sasquatch : 1.
9:10 of 1st period - Calle Jarnkrok wins face-off versus Devin Shore in neutral zone.
9:13 of 1st period - Wrist shot by Calle Jarnkrok.
9:13 of 1st period - Shot Blocked by Ian Cole.
9:25 of 1st period - Wrist shot by Matt Halischuk.
9:25 of 1st period - Shot Misses the Net.
9:39 of 1st period - Tyler Brenner is hit by Quinton Howden and loses puck.
9:50 of 1st period - Michael Bournival is hit by Teemu Hartikainen and loses puck.
10:07 of 1st period - Wrist shot by Michael Bournival.
10:07 of 1st period - Shot Misses the Net.
10:09 of 1st period - Slapshot by Dylan Olsen.
10:09 of 1st period - Stopped by Joonas Korpisalo with a rebound.
10:11 of 1st period - Snap shot by Reid McNeill.
10:11 of 1st period - Shot Misses the Net.
10:13 of 1st period - Slapshot by Reid McNeill.
10:13 of 1st period - Shot Blocked by Quinton Howden.
10:15 of 1st period - Snap shot by Tyler Brenner.
10:15 of 1st period - Shot Misses the Net.
10:17 of 1st period - Slapshot by Dylan Olsen.
10:17 of 1st period - Shot Misses the Net.
10:53 of 1st period - Brett Pesce is hit by Ryan Hartman and loses puck.
11:19 of 1st period - Off-side.
11:20 of 1st period - Devin Shore wins face-off versus Calle Jarnkrok in neutral zone.
12:27 of 1st period - Snap shot by Calle Jarnkrok.
12:27 of 1st period - Stopped by Joonas Korpisalo without a rebound.
12:28 of 1st period - Calle Jarnkrok wins face-off versus Devin Shore in Sasquatch zone.
12:29 of 1st period - Snap shot by Brandon McMillan.
12:29 of 1st period - Stopped by Joonas Korpisalo with a rebound.
12:31 of 1st period - Wrist shot by Brandon McMillan.
12:31 of 1st period - Shot Blocked by Matt Halischuk.
12:49 of 1st period - Snap shot by Jujhar Khaira.
12:49 of 1st period - Deflect By Devin Shore.
12:49 of 1st period - Goal by Devin Shore - Harfangs : 1 - Sasquatch : 2.
12:50 of 1st period - Devin Shore wins face-off versus Calle Jarnkrok in neutral zone.
12:53 of 1st period - Snap shot by Jujhar Khaira.
12:53 of 1st period - Stopped by Anton Forsberg with a rebound.
12:55 of 1st period - Snap shot by Devin Shore.
12:55 of 1st period - Shot Misses the Net.
12:57 of 1st period - Wrist shot by Matt Halischuk.
12:57 of 1st period - Stopped by Anton Forsberg with a rebound.
12:59 of 1st period - Wrist shot by Matt Halischuk.
12:59 of 1st period - Stopped by Anton Forsberg without a rebound.
13:00 of 1st period - Calle Jarnkrok wins face-off versus Devin Shore in Harfangs zone.
13:16 of 1st period - Snap shot by Jujhar Khaira.
13:16 of 1st period - Stopped by Anton Forsberg with a rebound.
13:18 of 1st period - Slapshot by Patrick Wey.
13:18 of 1st period - Stopped by Anton Forsberg with a rebound.
13:20 of 1st period - Slapshot by Matt Halischuk.
13:20 of 1st period - Stopped by Anton Forsberg without a rebound.
13:21 of 1st period - Christoffer Ehn wins face-off versus Tyler Brenner in Harfangs zone.
13:32 of 1st period - Slapshot by Ryan Dzingel.
13:32 of 1st period - Stopped by Anton Forsberg without a rebound.
13:33 of 1st period - Calle Jarnkrok wins face-off versus Devin Shore in Harfangs zone.
14:03 of 1st period - Petr Straka is hit by Ryan Hartman and loses puck.
14:10 of 1st period - Snap shot by Tyler Brenner.
14:10 of 1st period - Deflect By Michael Bournival.
14:10 of 1st period - Shot Blocked by Mike Reilly.
14:10 of 1st period - Puck is out of play.
14:11 of 1st period - Devin Shore wins face-off versus Nick Shore in Sasquatch zone.
14:11 of 1st period - Devin Shore is hit by Dylan Olsen.
14:26 of 1st period - Snap shot by Erik Nystrom.
14:26 of 1st period - Stopped by Joonas Korpisalo without a rebound.
14:27 of 1st period - Ryan Hartman wins face-off versus Christoffer Ehn in Sasquatch zone.
14:40 of 1st period - Wrist shot by Petr Straka.
14:40 of 1st period - Goal by Petr Straka - Harfangs : 1 - Sasquatch : 3.
14:41 of 1st period - Calle Jarnkrok wins face-off versus Devin Shore in neutral zone.
15:10 of 1st period - Icing by Dylan Olsen.
15:11 of 1st period - Christoffer Ehn wins face-off versus Nick Shore in Harfangs zone.
15:12 of 1st period - Wrist shot by Petr Straka.
15:12 of 1st period - Deflect By Jake Dotchin.
15:12 of 1st period - Shot Blocked by Jake Dotchin.
15:12 of 1st period - Puck is out of play.
15:13 of 1st period - Christoffer Ehn wins face-off versus Tyler Brenner in Harfangs zone.
15:18 of 1st period - Snap shot by Petr Straka.
15:18 of 1st period - Goal by Petr Straka - Harfangs : 1 - Sasquatch : 4.
15:18 of 1st period - Ilya Sorokin enters game.
15:19 of 1st period - Tyler Brenner wins face-off versus Devin Shore in neutral zone.
15:28 of 1st period - Slapshot by Michael Bournival.
15:28 of 1st period - Goal by Michael Bournival - Harfangs : 2 - Sasquatch : 4.
15:29 of 1st period - Devin Shore wins face-off versus Calle Jarnkrok in neutral zone.
15:32 of 1st period - Slapshot by Ian Cole.
15:32 of 1st period - Stopped by Ilya Sorokin without a rebound.
15:33 of 1st period - Calle Jarnkrok wins face-off versus Devin Shore in Harfangs zone.
16:02 of 1st period - Snap shot by Michael Bournival.
16:02 of 1st period - Shot Misses the Net.
16:04 of 1st period - Snap shot by Ryan Hartman.
16:04 of 1st period - Shot Blocked by Ryan Dzingel.
16:06 of 1st period - Snap shot by Mark Alt.
16:06 of 1st period - Stopped by Joonas Korpisalo with a rebound.
16:08 of 1st period - Snap shot by Mark Alt.
16:08 of 1st period - Shot Misses the Net.
16:45 of 1st period - Snap shot by Quinton Howden.
16:45 of 1st period - Goal by Quinton Howden - Harfangs : 2 - Sasquatch : 5.
16:46 of 1st period - Jujhar Khaira wins face-off versus Tyler Brenner in neutral zone.
17:01 of 1st period - Snap shot by Jujhar Khaira.
17:01 of 1st period - Shot Misses the Net.
18:18 of 1st period - Slapshot by Matt Halischuk.
18:18 of 1st period - Stopped by Ilya Sorokin with a rebound.
18:34 of 1st period - Snap shot by Calle Jarnkrok.
18:34 of 1st period - Shot Misses the Net.
18:36 of 1st period - Snap shot by Calle Jarnkrok.
18:36 of 1st period - Stopped by Joonas Korpisalo without a rebound.
18:37 of 1st period - Christoffer Ehn wins face-off versus Calle Jarnkrok in Sasquatch zone.
19:02 of 1st period - Brandon McMillan is hit by Dylan Sikura and loses puck.
19:21 of 1st period - Quinton Howden is hit by Dylan Olsen and loses puck.
19:38 of 1st period - Slapshot by Brandon McMillan.
19:38 of 1st period - Stopped by Joonas Korpisalo without a rebound.
19:39 of 1st period - Tyler Brenner wins face-off versus Devin Shore in Sasquatch zone.
19:46 of 1st period - Wrist shot by Ryan Hartman.
19:46 of 1st period - Shot Blocked by Matt Halischuk.
19:48 of 1st period - Slapshot by Jake Dotchin.
19:48 of 1st period - Shot Blocked by Ian Cole.
19:50 of 1st period - Slapshot by Mark Alt.
19:50 of 1st period - Shot Blocked by Matt Halischuk.
19:52 of 1st period - Snap shot by Michael Bournival.
19:52 of 1st period - Stopped by Joonas Korpisalo with a rebound.
19:54 of 1st period - Slapshot by Mark Alt.
19:54 of 1st period - Stopped by Joonas Korpisalo with a rebound.
Goals for this period are 2 for Harfangs vs 5 for Sasquatch.
Shots for this period are 12 for Harfangs vs 15 for Sasquatch.
2nd period
0:01 of 2nd period - Tyler Brenner wins face-off versus Devin Shore in neutral zone.
0:35 of 2nd period - Ryan Hartman is hit by Brock Trotter and loses puck.
0:44 of 2nd period - Snap shot by Michael Bournival.
0:44 of 2nd period - Goal by Michael Bournival - Harfangs : 3 - Sasquatch : 5.
0:45 of 2nd period - Devin Shore wins face-off versus Nick Shore in neutral zone.
1:18 of 2nd period - Snap shot by Teemu Hartikainen.
1:18 of 2nd period - Stopped by Ilya Sorokin without a rebound.
1:19 of 2nd period - Quinton Howden wins face-off versus Tyler Brenner in Harfangs zone.
1:30 of 2nd period - Icing by Quinton Howden.
1:31 of 2nd period - Tyler Brenner wins face-off versus Quinton Howden in Sasquatch zone.
1:34 of 2nd period - Wrist shot by Ryan Hartman.
1:34 of 2nd period - Shot Blocked by Teemu Hartikainen.
1:40 of 2nd period - Dylan Olsen is hit by Patrick Wey and loses puck.
1:51 of 2nd period - Slapshot by Quinton Howden.
1:51 of 2nd period - Shot Misses the Net.
1:53 of 2nd period - Backhand shot by Ian Cole.
1:53 of 2nd period - Stopped by Ilya Sorokin with a rebound.
1:55 of 2nd period - Snap shot by Ian Cole.
1:55 of 2nd period - Deflect By Teemu Hartikainen.
1:55 of 2nd period - Stopped by Ilya Sorokin with a rebound.
2:31 of 2nd period - Snap shot by Quinton Howden.
2:31 of 2nd period - Shot Misses the Net.
2:33 of 2nd period - Snap shot by Teemu Hartikainen.
2:33 of 2nd period - Shot Misses the Net.
2:35 of 2nd period - Slapshot by Ian Cole.
2:35 of 2nd period - Stopped by Ilya Sorokin with a rebound.
2:51 of 2nd period - Wrist shot by Michael Bournival.
2:51 of 2nd period - Stopped by Joonas Korpisalo with a rebound.
3:23 of 2nd period - Backhand shot by Quinton Howden.
3:23 of 2nd period - Stopped by Ilya Sorokin without a rebound.
3:24 of 2nd period - Devin Shore wins face-off versus Calle Jarnkrok in Harfangs zone.
3:25 of 2nd period - Snap shot by Matt Halischuk.
3:25 of 2nd period - Stopped by Ilya Sorokin without a rebound.
3:26 of 2nd period - Calle Jarnkrok wins face-off versus Devin Shore in Harfangs zone.
3:39 of 2nd period - Wrist shot by Matt Halischuk.
3:39 of 2nd period - Shot Blocked by Jake Dotchin.
3:41 of 2nd period - Slapshot by Devin Shore.
3:41 of 2nd period - Shot Blocked by Jake Dotchin.
4:18 of 2nd period - Petr Straka is hit by Erik Nystrom and loses puck.
4:37 of 2nd period - Mike Reilly is hit by Jake Dotchin and loses puck.
5:08 of 2nd period - Reid McNeill is hit by Petr Straka and loses puck.
5:25 of 2nd period - Reid McNeill is hit by Ian Cole and loses puck.
6:09 of 2nd period - Jerry D'Amigo is hit by Brandon McMillan and loses puck.
8:38 of 2nd period - Icing by Tyler Brenner.
8:39 of 2nd period - Christoffer Ehn wins face-off versus Tyler Brenner in Harfangs zone.
8:40 of 2nd period - Snap shot by Petr Straka.
8:40 of 2nd period - Shot Misses the Net.
8:42 of 2nd period - Slapshot by Christoffer Ehn.
8:42 of 2nd period - Goal by Christoffer Ehn - Harfangs : 3 - Sasquatch : 6.
8:43 of 2nd period - Devin Shore wins face-off versus Calle Jarnkrok in neutral zone.
8:48 of 2nd period - Snap shot by Jujhar Khaira.
8:48 of 2nd period - Shot Misses the Net.
9:27 of 2nd period - Snap shot by Cristoval Nieves.
9:27 of 2nd period - Shot Blocked by Ian Cole.
9:30 of 2nd period - Icing by Patrick Wey.
9:31 of 2nd period - Cristoval Nieves wins face-off versus T.J. Tynan in Sasquatch zone.
9:32 of 2nd period - Snap shot by Morgan Klimchuk.
9:32 of 2nd period - Shot Misses the Net.
9:59 of 2nd period - Snap shot by Mark Alt.
9:59 of 2nd period - Shot Blocked by Martin Marincin.
10:21 of 2nd period - Snap shot by Michael Bournival.
10:21 of 2nd period - Shot Blocked by Martin Marincin.
10:25 of 2nd period - Snap shot by Tyler Brenner.
10:25 of 2nd period - Deflect By Michael Bournival.
10:25 of 2nd period - Goal by Michael Bournival - Harfangs : 4 - Sasquatch : 6.
10:26 of 2nd period - Jujhar Khaira wins face-off versus Tyler Brenner in neutral zone.
10:26 of 2nd period - Jujhar Khaira is hit by Ryan Hartman.
10:30 of 2nd period - Snap shot by Ian Cole.
10:30 of 2nd period - Stopped by Ilya Sorokin without a rebound.
10:31 of 2nd period - Tyler Brenner wins face-off versus Devin Shore in Harfangs zone.
11:04 of 2nd period - Slapshot by Ian Cole.
11:04 of 2nd period - Shot Misses the Net.
11:06 of 2nd period - Slapshot by Patrick Wey.
11:06 of 2nd period - Shot Misses the Net.
12:23 of 2nd period - Wrist shot by Quinton Howden.
12:23 of 2nd period - Shot Misses the Net.
13:01 of 2nd period - Minor Penalty to Michael Bournival for Elbowing.
13:02 of 2nd period - Devin Shore wins face-off versus Tyler Brenner in Harfangs zone.
13:09 of 2nd period - Slapshot by Devin Shore.
13:09 of 2nd period - Stopped by Ilya Sorokin with a rebound.
13:17 of 2nd period - Slapshot by Tyler Brenner.
13:17 of 2nd period - Stopped by Joonas Korpisalo without a rebound.
13:18 of 2nd period - Laurent Dauphin wins face-off versus Ryan Dzingel in Sasquatch zone.
13:19 of 2nd period - Wrist shot by Tyler Brenner.
13:19 of 2nd period - Shot Misses the Net.
14:10 of 2nd period - Morgan Klimchuk is hit by Ian Cole.
14:21 of 2nd period - Icing by Ryan Dzingel.
14:22 of 2nd period - Cristoval Nieves wins face-off versus Devin Shore in Sasquatch zone.
15:01 of 2nd period - Penalty to Michael Bournival is over, Michael Bournival is back on ice.
15:14 of 2nd period - Slapshot by Brandon McMillan.
15:14 of 2nd period - Stopped by Joonas Korpisalo without a rebound.
15:15 of 2nd period - Calle Jarnkrok wins face-off versus Quinton Howden in Sasquatch zone.
16:07 of 2nd period - Slapshot by Nick Shore.
16:07 of 2nd period - Shot Misses the Net.
16:24 of 2nd period - Wrist shot by Michael Bournival.
16:24 of 2nd period - Stopped by Joonas Korpisalo without a rebound.
16:25 of 2nd period - T.J. Tynan wins face-off versus Tyler Brenner in Sasquatch zone.
16:50 of 2nd period - Snap shot by Cristoval Nieves.
16:50 of 2nd period - Stopped by Joonas Korpisalo with a rebound.
16:52 of 2nd period - Slapshot by Jake Dotchin.
16:52 of 2nd period - Stopped by Joonas Korpisalo with a rebound.
17:17 of 2nd period - Slapshot by Matt Halischuk.
17:17 of 2nd period - Goal by Matt Halischuk - Harfangs : 4 - Sasquatch : 7.
17:18 of 2nd period - Devin Shore wins face-off versus Tyler Brenner in neutral zone.
17:28 of 2nd period - Minor Penalty to Tyler Brenner for Slashing.
17:29 of 2nd period - Michael Bournival wins face-off versus Devin Shore in Harfangs zone.
18:40 of 2nd period - Off-side.
18:41 of 2nd period - Cristoval Nieves wins face-off versus Devin Shore in neutral zone.
18:46 of 2nd period - Slapshot by Reid McNeill.
18:46 of 2nd period - Shot Blocked by Jujhar Khaira.
19:02 of 2nd period - Matt Halischuk is hit by Reid McNeill and loses puck.
19:28 of 2nd period - Penalty to Tyler Brenner is over, Tyler Brenner is back on ice.
19:59 of 2nd period - Wrist shot by Erik Nystrom.
19:59 of 2nd period - Deflect By Nick Shore.
19:59 of 2nd period - Stopped by Joonas Korpisalo with a rebound.
Goals for this period are 2 for Harfangs vs 2 for Sasquatch.
Shots for this period are 9 for Harfangs vs 10 for Sasquatch.
3rd period
0:01 of 3rd period - Devin Shore wins face-off versus Tyler Brenner in neutral zone.
0:17 of 3rd period - Michael Bournival is hit by Matt Halischuk and loses puck.
1:38 of 3rd period - Wrist shot by Petr Straka.
1:38 of 3rd period - Stopped by Ilya Sorokin without a rebound.
1:39 of 3rd period - Tyler Brenner wins face-off versus Christoffer Ehn in Harfangs zone.
1:52 of 3rd period - Slapshot by Petr Straka.
1:52 of 3rd period - Stopped by Ilya Sorokin with a rebound.
2:30 of 3rd period - Slapshot by Ryan Dzingel.
2:30 of 3rd period - Shot Misses the Net.
3:11 of 3rd period - Snap shot by Michael Bournival.
3:11 of 3rd period - Stopped by Joonas Korpisalo without a rebound.
3:12 of 3rd period - Calle Jarnkrok wins face-off versus Quinton Howden in Sasquatch zone.
3:13 of 3rd period - Wrist shot by Brandon McMillan.
3:13 of 3rd period - Stopped by Joonas Korpisalo without a rebound.
3:14 of 3rd period - Calle Jarnkrok wins face-off versus Quinton Howden in Sasquatch zone.
3:19 of 3rd period - Snap shot by Calle Jarnkrok.
3:19 of 3rd period - Deflect By Brandon McMillan.
3:19 of 3rd period - Stopped by Joonas Korpisalo without a rebound.
3:20 of 3rd period - Calle Jarnkrok wins face-off versus Quinton Howden in Sasquatch zone.
3:21 of 3rd period - Wrist shot by Brandon McMillan.
3:21 of 3rd period - Goal by Brandon McMillan - Harfangs : 5 - Sasquatch : 7.
3:22 of 3rd period - Calle Jarnkrok wins face-off versus Devin Shore in neutral zone.
3:25 of 3rd period - Slapshot by Reid McNeill.
3:25 of 3rd period - Stopped by Joonas Korpisalo with a rebound.
3:31 of 3rd period - Slapshot by Ian Cole.
3:31 of 3rd period - Deflect By Jujhar Khaira.
3:31 of 3rd period - Shot Misses the Net.
3:31 of 3rd period - Puck is out of play.
3:32 of 3rd period - Devin Shore wins face-off versus Calle Jarnkrok in Harfangs zone.
3:39 of 3rd period - Wrist shot by Matt Halischuk.
3:39 of 3rd period - Shot Misses the Net.
3:41 of 3rd period - Snap shot by Matt Halischuk.
3:41 of 3rd period - Stopped by Ilya Sorokin without a rebound.
3:42 of 3rd period - Tyler Brenner wins face-off versus Devin Shore in Harfangs zone.
3:55 of 3rd period - Snap shot by Michael Bournival.
3:55 of 3rd period - Deflect By Tyler Brenner.
3:55 of 3rd period - Stopped by Joonas Korpisalo without a rebound.
3:56 of 3rd period - Devin Shore wins face-off versus Calle Jarnkrok in Sasquatch zone.
4:06 of 3rd period - Matt Halischuk is hit by Brandon McMillan and loses puck.
4:25 of 3rd period - Mike Reilly is hit by Dylan Olsen and loses puck.
4:42 of 3rd period - Snap shot by Nick Shore.
4:42 of 3rd period - Stopped by Joonas Korpisalo with a rebound.
4:44 of 3rd period - Slapshot by Nick Shore.
4:44 of 3rd period - Stopped by Joonas Korpisalo with a rebound.
4:46 of 3rd period - Snap shot by Nick Shore.
4:46 of 3rd period - Stopped by Joonas Korpisalo without a rebound.
4:47 of 3rd period - Devin Shore wins face-off versus Nick Shore in Sasquatch zone.
5:08 of 3rd period - Snap shot by Nick Shore.
5:08 of 3rd period - Goal by Nick Shore - Harfangs : 6 - Sasquatch : 7.
5:09 of 3rd period - Devin Shore wins face-off versus Tyler Brenner in neutral zone.
5:18 of 3rd period - Slapshot by Matt Halischuk.
5:18 of 3rd period - Deflect By Devin Shore.
5:18 of 3rd period - Stopped by Ilya Sorokin without a rebound.
5:19 of 3rd period - Tyler Brenner wins face-off versus Devin Shore in Harfangs zone.
5:52 of 3rd period - Wrist shot by Tyler Brenner.
5:52 of 3rd period - Shot Misses the Net.
6:53 of 3rd period - Snap shot by Michael Bournival.
6:53 of 3rd period - Stopped by Joonas Korpisalo with a rebound.
7:26 of 3rd period - Snap shot by Tyler Brenner.
7:26 of 3rd period - Stopped by Joonas Korpisalo without a rebound.
7:27 of 3rd period - Calle Jarnkrok wins face-off versus Christoffer Ehn in Sasquatch zone.
7:30 of 3rd period - Wrist shot by Brandon McMillan.
7:30 of 3rd period - Stopped by Joonas Korpisalo without a rebound.
7:31 of 3rd period - Christoffer Ehn wins face-off versus Calle Jarnkrok in Sasquatch zone.
7:33 of 3rd period - Icing by Martin Marincin.
7:34 of 3rd period - Christoffer Ehn wins face-off versus Calle Jarnkrok in Sasquatch zone.
8:05 of 3rd period - Snap shot by Nick Shore.
8:05 of 3rd period - Stopped by Joonas Korpisalo without a rebound.
8:06 of 3rd period - Christoffer Ehn wins face-off versus Nick Shore in Sasquatch zone.
8:33 of 3rd period - Mike Reilly is hit by Brandon McMillan and loses puck.
8:56 of 3rd period - Snap shot by Jerry D'Amigo.
8:56 of 3rd period - Deflect By Mark Alt.
8:56 of 3rd period - Shot Blocked by Jake Dotchin.
8:56 of 3rd period - Puck is out of play.
8:57 of 3rd period - T.J. Tynan wins face-off versus Cristoval Nieves in Harfangs zone.
9:07 of 3rd period - Minor Penalty to Morgan Klimchuk for Tripping.
9:08 of 3rd period - Devin Shore wins face-off versus Tyler Brenner in Harfangs zone.
9:17 of 3rd period - Wrist shot by Devin Shore.
9:17 of 3rd period - Goal by Devin Shore - Harfangs : 6 - Sasquatch : 8.
9:17 of 3rd period - Anton Forsberg enters game.
9:18 of 3rd period - Calle Jarnkrok wins face-off versus Devin Shore in neutral zone.
10:34 of 3rd period - Brett Pesce is hit by Nick Shore.
10:38 of 3rd period - Mark Alt is hit by Jujhar Khaira and loses puck.
11:54 of 3rd period - Brenden Kichton is hit by Jujhar Khaira and loses puck.
11:58 of 3rd period - Icing by Sven Andrighetto.
11:59 of 3rd period - Ryan Dzingel wins face-off versus Calle Jarnkrok in Harfangs zone.
12:02 of 3rd period - Wrist shot by Ryan Dzingel.
12:02 of 3rd period - Shot Blocked by Dylan Olsen.
12:31 of 3rd period - Off-side.
12:32 of 3rd period - Tyler Brenner wins face-off versus Quinton Howden in neutral zone.
12:46 of 3rd period - Icing by Martin Marincin.
12:47 of 3rd period - Nick Shore wins face-off versus Quinton Howden in Sasquatch zone.
12:50 of 3rd period - Snap shot by Nick Shore.
12:50 of 3rd period - Deflect By Nick Sorensen.
12:50 of 3rd period - Stopped by Joonas Korpisalo with a rebound.
13:02 of 3rd period - Wrist shot by Teemu Hartikainen.
13:02 of 3rd period - Shot Misses the Net.
13:04 of 3rd period - Snap shot by Martin Marincin.
13:04 of 3rd period - Stopped by Anton Forsberg without a rebound.
13:05 of 3rd period - Devin Shore wins face-off versus Tyler Brenner in Harfangs zone.
13:16 of 3rd period - Snap shot by Michael Bournival.
13:16 of 3rd period - Shot Misses the Net.
13:41 of 3rd period - Slapshot by Calle Jarnkrok.
13:41 of 3rd period - Stopped by Joonas Korpisalo with a rebound.
13:43 of 3rd period - Slapshot by Mark Alt.
13:43 of 3rd period - Stopped by Joonas Korpisalo without a rebound.
13:44 of 3rd period - Nick Shore wins face-off versus Quinton Howden in Sasquatch zone.
14:15 of 3rd period - Wrist shot by Brandon McMillan.
14:15 of 3rd period - Shot Misses the Net.
14:17 of 3rd period - Slapshot by Rinat Valiev.
14:17 of 3rd period - Stopped by Joonas Korpisalo without a rebound.
14:18 of 3rd period - Tyler Brenner wins face-off versus Devin Shore in Sasquatch zone.
14:19 of 3rd period - Wrist shot by Michael Bournival.
14:19 of 3rd period - Shot Blocked by Devin Shore.
14:52 of 3rd period - Wrist shot by Ryan Dzingel.
14:52 of 3rd period - Shot Blocked by Mark Alt.
14:54 of 3rd period - Snap shot by Ian Cole.
14:54 of 3rd period - Deflect By Mark Alt.
14:54 of 3rd period - Stopped by Anton Forsberg without a rebound.
14:55 of 3rd period - Quinton Howden wins face-off versus Nick Shore in Harfangs zone.
15:29 of 3rd period - Off-side.
15:30 of 3rd period - Devin Shore wins face-off versus Calle Jarnkrok in neutral zone.
15:35 of 3rd period - Snap shot by Matt Halischuk.
15:35 of 3rd period - Stopped by Anton Forsberg with a rebound.
15:37 of 3rd period - Snap shot by Matt Halischuk.
15:37 of 3rd period - Stopped by Anton Forsberg without a rebound.
15:38 of 3rd period - Devin Shore wins face-off versus Calle Jarnkrok in Harfangs zone.
15:45 of 3rd period - Snap shot by Matt Halischuk.
15:45 of 3rd period - Shot Misses the Net.
15:47 of 3rd period - Snap shot by Jujhar Khaira.
15:47 of 3rd period - Stopped by Anton Forsberg without a rebound.
15:48 of 3rd period - Nick Shore wins face-off versus Devin Shore in Harfangs zone.
15:52 of 3rd period - Off-side.
15:53 of 3rd period - Nick Shore wins face-off versus Devin Shore in neutral zone.
15:58 of 3rd period - Slapshot by Nick Shore.
15:58 of 3rd period - Stopped by Joonas Korpisalo with a rebound.
16:00 of 3rd period - Wrist shot by Nick Sorensen.
16:00 of 3rd period - Shot Misses the Net.
16:02 of 3rd period - Slapshot by Dylan Olsen.
16:02 of 3rd period - Stopped by Joonas Korpisalo with a rebound.
16:18 of 3rd period - Snap shot by Calle Jarnkrok.
16:18 of 3rd period - Stopped by Joonas Korpisalo with a rebound.
16:20 of 3rd period - Snap shot by Calle Jarnkrok.
16:20 of 3rd period - Stopped by Joonas Korpisalo with a rebound.
16:50 of 3rd period - Slapshot by Devin Shore.
16:50 of 3rd period - Stopped by Anton Forsberg without a rebound.
16:51 of 3rd period - Christoffer Ehn wins face-off versus Nick Shore in Harfangs zone.
17:07 of 3rd period - Minor Penalty to Ryan Dzingel for Hooking.
17:08 of 3rd period - Tyler Brenner wins face-off versus Christoffer Ehn in Sasquatch zone.
17:22 of 3rd period - Slapshot by Michael Bournival.
17:22 of 3rd period - Stopped by Joonas Korpisalo with a rebound.
17:24 of 3rd period - Snap shot by Michael Bournival.
17:24 of 3rd period - Shot Misses the Net.
18:35 of 3rd period - Icing by Michael Bournival.
18:36 of 3rd period - Tyler Brenner wins face-off versus Quinton Howden in Harfangs zone.
18:41 of 3rd period - Ian Cole is hit by Reid McNeill and loses puck.
19:07 of 3rd period - Penalty to Ryan Dzingel is over, Ryan Dzingel is back on ice.
Goals for this period are 2 for Harfangs vs 1 for Sasquatch.
Shots for this period are 23 for Harfangs vs 11 for Sasquatch.
Back to the Top